 Dungeon Crawl Stone Soup version 0.28-a0-863-g8cecda6153 (webtiles) character file.

Game seed: 5119070041260443561

37 ders the Digger (level 3, -2/19 HPs)
             Began as a Gargoyle Earth Elementalist on Nov 16, 2021.
             Slain by an adder (4 damage)
             ... on level 1 of the Dungeon.
             The game lasted 00:02:29 (1404 turns).

ders the Digger (Gargoyle Earth Elementalist)       Turns: 1404, Time: 00:02:29

Health: -2/19      AC:  5    Str: 11    XL:     3   Next: 39%
Magic:  6/6        EV: 11    Int: 16    God:
Gold:   62         SH:  0    Dex: 10    Spells: 6/7 levels left

rFire   . . .      SeeInvis .   c - +0 dagger
rCold   . . .      Faith    .   (no shield)
rNeg    + . .      Spirit   .   b - +0 robe
rPois   ∞          Reflect  .   (no helmet)
rElec   +          Harm     .   (no cloak)
rCorr   .          Rampage  .   (no gloves)
Will    .....                   (no boots)
Stlth   ++........              (no amulet)
HPRegen 0.06/turn               g - ring of flight
MPRegen 0.10/turn               (no ring)

@: brilliant, flying
A: sickness immunity, AC +3, negative energy resistance 1, electricity
resistance, torment resistance 1, petrification resistance
a: no special abilities


You were on level 1 of the Dungeon.
You visited 1 branch of the dungeon, and saw 2 of its levels.

You collected 62 gold pieces.

Inventory:

Hand Weapons
 c - a +0 dagger (weapon)
Armour
 b - a +0 robe (worn)
Jewellery
 g - a ring of flight (left hand)
Scrolls
 e - a scroll of identify {unknown}
 f - a scroll of fear {unknown}
Potions
 a - a potion of resistance {unknown}
 d - a potion of flight {unknown}
 h - a potion of brilliance


   Skills:
 - Level 1.5 Dodging
 - Level 2.1 Stealth
 + Level 2.5 Spellcasting
 + Level 1.5 Transmutations
 + Level 4.2 Earth Magic


You had 6 spell levels left.
You knew the following spells:

 Your Spells              Type           Power      Damage    Failure   Level
a - Sandblast             Erth           46%        2d11      3%          1

Your spell library contained the following spells:

 Spells                   Type           Power      Damage    Failure   Level
 Passwall                 Tmut/Erth      14%        N/A       9%          2
 Animate Skeleton         Necr           6%         N/A       21%         1
 Apportation              Tloc           6%         N/A       21%         1
 Summon Small Mammal      Summ           12%        N/A       21%         1
 Stone Arrow              Conj/Erth      26%        3d8       24%         3
 Petrify                  Tmut/Erth      17%        N/A       52%         4


Dungeon Overview and Level Annotations

Branches:
Dungeon (2/15)

Altars:


Innate Abilities, Weirdness & Mutations

You are immune to sickness and miasma.
Your stone body is resilient. (AC +3)
You are immune to poison.
You resist negative energy. (rN+)
You are resistant to electric shocks. (rElec)
You are resistant to unholy torment.
You are immune to petrification.


Message History

c - a +0 dagger (weapon)
The adder bites you but does no damage. The giant cockroach closely misses you.
You hit the adder.
The adder is moderately wounded.
The adder closely misses you.
The giant cockroach bites you but does no damage.
You hit the adder.
The adder is moderately wounded.
The adder closely misses you. The giant cockroach barely misses you.
The adder bites you.
You closely miss the adder.
The adder is moderately wounded.
The giant cockroach completely misses you.
The adder barely misses you.
You barely miss the adder.
The adder is moderately wounded.
The giant cockroach barely misses you. The adder barely misses you.
You miss the adder.
The adder is moderately wounded.
The giant cockroach barely misses you. The adder completely misses you.
The giant cockroach barely misses you.
You barely miss the adder.
The adder is moderately wounded.
The adder bites you but does no damage. The giant cockroach barely misses you.
The adder bites you.
You hit the adder.
The adder is heavily wounded.
The adder bites you.
* * * LOW HITPOINT WARNING * * *
The giant cockroach closely misses you.
It was a potion of brilliance.
You feel clever all of a sudden. The adder bites you but does no damage.
The giant cockroach closely misses you.
You barely miss the adder.
The adder is heavily wounded.
The adder bites you.
* * * LOW HITPOINT WARNING * * *
The giant cockroach bites you but does no damage.
The adder bites you.
You die...

....#.####..(..........#
#.# .⌠..#.#
##.........#..# #.#
...(#.#
####.....##..#######.#
....'.#
##...###........#.#
....### ##.##
####.###.#.# .⌠..# #.#
#.# #.#.# ....# #.# #.#
#.#.# ....####### #S#
##.###.#.## #####.....#
#@# ##..........
.....##.#[######B#
#...########
######...........# #..##
#
........#.####..######..#
#
.##.............).......#
#
.##.##..#####...######.##
# ###.##..# #...#
###.########## #.##..#
#...####............#
###.##.##
#.......#.....#####.#


You could see an adder and a giant cockroach.

Vanquished Creatures
  A dart slug (D:1)
  A ball python (D:1)
  3 endoplasms
  2 giant cockroaches
  5 goblins
  4 hobgoblins (D:1)
  4 jackals (D:1)
  A quokka (D:1)
  A bat (D:1)
  2 frilled lizards (D:1)
  3 kobolds (D:1)
  3 rats (D:1)
30 creatures vanquished.

Notes
Turn   | Place    | Note
-------+----------+-------------------------------------------
     0 | D:1      | ders the Gargoyle Earth Elementalist began the quest for
                  | the Orb.
     0 | D:1      | Reached XP level 1. HP: 10/10 MP: 3/3
   118 | D:1      | Reached skill level 1 in Transmutations
   218 | D:1      | Reached XP level 2. HP: 15/15 MP: 3/5
   539 | D:1      | Reached skill level 4 in Earth Magic
   731 | D:1      | Reached XP level 3. HP: 17/19 MP: 2/6
  1404 | D:1      | Slain by an adder

Illustrated notes

Levels and vault maps discovered:
D:1:      mushboom_english_gardens, layout_loops_ring, minivault_5,
          nicolae_concentric_dashed_squares_wild, nicolae_figureground_pulse
D:2:      layout_rooms

Skill      XL: |  1  2 |
---------------+-------+-----
Transmutations | 1 |  1.5
Earth Magic    | 4 |  4.2
Dodging        | |  1.5
Stealth        | |  2.1
Spellcasting   | |  2.5

Action                   || total
-------------------------++-------
Melee: Unarmed           ||     3
       Dagger            ||     8
 Cast: Sandblast         ||    41
  Use: Scroll            ||     1
       Potion            ||     1
Armor: Robe              ||    20
Dodge: Dodged            ||    39

Table legend: (Time is in decaauts)
 A = Elapsed time spent in this place.
 B = Non-inter-level travel time spent in this place.
 C = Inter-level travel time spent in this place.
 D = Time resting spent in this place.
 E = Time spent auto-exploring this place.
 F = Levels seen in this place.
 G = Mean time per level.
                   A        B        C        D        E       F      G
               +--------+--------+--------+--------+--------+-----+--------+
         Total |   1403 |   1344 |     59 |    306 |    837 |   2 |  701.5 |
       Dungeon |   1403 |   1344 |     59 |    306 |    837 |   2 |  701.5 |
               +--------+--------+--------+--------+--------+-----+--------+

Top non-repeatable levels by time:
     D:1: 1329 daAuts
     D:2: 73 daAuts
